 Dungeon Crawl Stone Soup version 0.30-a0-728-gc68057be0a (webtiles) character file.

Game seed: 2553109595646503719

331863 pokeman the Archmage (level 20, -13/107 (112) HPs)
             Began as a Deep Elf Hedge Wizard on Jan 29, 2023.
             Was the Champion of Vehumet.
             Mangled by an ettin
             ... wielding a +0 dire flail
              (42 damage)
             ... on level 3 of the Depths on Feb 1, 2023.
             The game lasted 02:43:24 (50201 turns).

pokeman the Archmage (Deep Elf Hedge Wizard)       Turns: 50201, Time: 02:43:25

HP:   -13/107 (112) AC: 20    Str: 16    XL:     20   Next: 88%
MP:   72/72         EV: 11    Int: 39    God:    Vehumet [******]
Gold: 5394          SH: 13    Dex: 14    Spells: 8/73 levels left

rFire   + + .      SeeInvis +    s - staff of conjuration
rCold   x . .      Faith    .    Y - +3 warlock's mirror {omnireflect}
rNeg    . . .      Spirit   .    X - +5 ring mail of the Dropbear {rPois}
rPois   +          Reflect  +    P - +3 hat of Pondering {ponderous, Will+ MP+10 Int+5}
rElec   +          Harm     +    L - scarf {repulsion}
rCorr   +          Rampage  .    I - +2 pair of gloves
Will    +++..                    g - +0 pair of boots of the Writhing Gods {Harm rElec Slay+2 Stlth+}
Stlth   +++                      k - amulet "Tofif" {Reflect rF+ rCorr Int+3 SH+5}
HPRegen 0.37/turn                i - ring of Nihyis {Fire Str+3}
MPRegen 0.43/turn                A - ring "Yriuts" {MP+9 Str+6 Int+2 SInv}

@: lightly drained, repel missiles, slow
A: no striking features
}: 2/15 runes: serpentine, barnacled
a: Renounce Religion


You were on level 3 of the Depths.
You worshipped Vehumet.
Vehumet was exalted by your worship.
You visited 8 branches of the dungeon, and saw 37 of its levels.
You visited the Abyss 1 time.
You also visited: Sewer, Bailey, Gauntlet and Ice Cave.

You collected 5769 gold pieces.
You spent 375 gold pieces at shops.

Inventory:

Armour
 g - the +0 pair of boots of the Writhing Gods (worn) {Harm rElec Slay+2 Stlth+}
   (You found it in a Gauntlet)

   Slay:      It affects your accuracy & damage with ranged weapons and melee
   (+2).
   rElec:     It insulates you from electricity.
   Harm:      It increases damage dealt and taken.
   Stlth:     It makes you more stealthy.
 o - +0 fire dragon scales
 v - the +3 robe of Clouds {*Thunder rCloud rElec}
   (You found it in a Gauntlet)

   *Thunder:  It occasionally creates storm clouds above nearby enemies.
   rCloud:    It grants its wearer immunity to clouds.
   rElec:     It insulates you from electricity.
 I - a +2 pair of gloves (worn)
 L - a scarf of repulsion (worn)
 P - the +3 hat of Pondering (worn) {ponderous, Will+ MP+10 Int+5}
   (You took it off Gastronok on level 8 of the Dungeon)

   Int:       It affects your intelligence (+5).
   MP:        It affects your magic capacity (+10).
   Will:      It increases your willpower.
 X - the +5 ring mail of the Dropbear (worn) {rPois}
   (You found it on level 3 of the Elven Halls)

   rPois:     It protects you from poison.
 Y - the +3 warlock's mirror (worn) {omnireflect}
   (You bought it in a shop on level 4 of the Shoals)

   Omnireflect: It can block and reflect piercing ranged attacks and magical
   attacks against the wielder's willpower.
Magical Staves
 s - a staff of conjuration (weapon)
Jewellery
 c - a ring of fire
 i - the ring of Nihyis (left hand) {Fire Str+3}
   (You found it on level 1 of the Depths)

   [ring of fire]

   It enhances your fire magic.
   Str:       It affects your strength (+3).
   rF:        It protects you from fire.
   rC:        It makes you vulnerable to cold.
 k - the amulet "Tofif" (around neck) {Reflect rF+ rCorr Int+3 SH+5}
   (You acquired it on level 1 of the Elven Halls)

   [amulet of reflection]

   It reflects blocked missile attacks.
   Int:       It affects your intelligence (+3).
   rF:        It protects you from fire.
   rCorr:     It protects you from acid and corrosion.
   SH:        It affects your SH (+5).
 p - the ring of Pobbom {rElec rPois Int+3}
   (You took it off a vampire knight on level 1 of the Depths)

   [ring of poison resistance]

   Int:       It affects your intelligence (+3).
   rElec:     It insulates you from electricity.
   rPois:     It protects you from poison.
 q - a ring of protection from cold
 A - the ring "Yriuts" (right hand) {MP+9 Str+6 Int+2 SInv}
   (You found it on level 13 of the Dungeon)

   [ring of see invisible]

   Str:       It affects your strength (+6).
   Int:       It affects your intelligence (+2).
   MP:        It affects your magic capacity (+9).
   SInv:      It lets you see invisible.
Wands
 r - a wand of light (9)
 t - a wand of roots (29)
 C - a wand of flame (7)
 D - a wand of mindburst (3)
 J - a wand of digging (3)
Scrolls
 a - 2 scrolls of fear
 f - 24 scrolls of teleportation
 h - 2 scrolls of fog
 l - 4 scrolls of magic mapping
 G - 3 scrolls of blinking
Potions
 d - 3 potions of magic
 e - a potion of flight
 j - 17 potions of curing
 u - 2 potions of brilliance
 w - 7 potions of haste
 x - a potion of berserk rage
 B - a potion of might
 N - 11 potions of heal wounds
Miscellaneous
 b - a phial of floods
 m - a phantom mirror
 n - a piece from Xom's chessboard (15/15)
 y - a condenser vane
 z - a tin of tremorstones (2/2)
 M - a lightning rod (4/4)
 Q - a box of beasts


   Skills:
 - Level 8.0 Fighting
 + Level 9.9 Armour
 - Level 3.0 Dodging
 - Level 3.0 Stealth
 - Level 6.0 Shields
 O Level 27 Spellcasting
 + Level 17.9 Conjurations
 - Level 13.5 Summonings
 - Level 18.2 Necromancy
 - Level 1.1 Translocations
 * Level 15.8 Fire Magic
 - Level 1.1 Ice Magic
 - Level 1.2 Air Magic
 - Level 8.0 Earth Magic
 - Level 1.4 Poison Magic
 - Level 1.0 Evocations


You had 8 spell levels left.
You knew the following spells:

 Your Spells              Type           Power      Damage    Failure   Level
a - Magic Dart            Conj           100%       1d8       0%          1
b - Mephitic Cloud        Conj/Pois/Air  100%       N/A       1%          3
c - Call Imp              Summ           100%       N/A       0%          2
d - Blink                 Tloc           100%       N/A       1%          2
e - Fireball              Conj/Fire      80%        3d30      0%          5
f - Iron Shot             Conj/Erth      62%        9d12      1%          6
g - Iskenderun's Battles  Conj           100%       2d15      0%          5
h - Orb of Destruction    Conj           69%        9d16      1%          7
i - Starburst             Conj/Fire      80%        6d20      1%          6
j - Haunt                 Necr/Summ      54%        N/A       1%          7
k - Freezing Cloud        Conj/Ice/Air   51%        6-21      1%          5
l - Lehudib's Crystal Sp  Conj/Erth      62%        10d14     6%          8
m - Ignition              Fire           66%        3d18      1%          8

Your spell library contained the following spells:

 Spells                   Type           Power      Damage    Failure   Level
 Maxwell's Capacitive Co  Air            29%        ∞         99%         8
 Polar Vortex             Ice            28%        N/A       100%        9
 Kiss of Death            Conj/Necr      100%       2d13      0%          1
 Static Discharge         Conj/Air       100%       2-7/arc   0%          2
 Sublimation of Blood     Necr           100%       N/A       0%          2
 Animate Dead             Necr           100%       N/A       0%          4
 Dispel Undead            Necr           100%       3d31      0%          4
 Slow                     Hex            100%       N/A       1%          1
 Sting                    Tmut/Pois      100%       1d8       1%          1
 Cigotuvi's Dreadful Rot  Necr/Pois/Air  100%       N/A       1%          2
 Ensorcelled Hibernation  Hex/Ice        100%       N/A       1%          2
 Poisonous Vapours        Pois/Air       100%       N/A       1%          2
 Confusing Touch          Hex            51%        N/A       1%          3
 Gell's Gravitas          Tloc           57%        N/A       1%          3
 Hailstorm                Conj/Ice       100%       3d20      1%          3
 Portal Projectile        Hex/Tloc       100%       N/A       1%          3
 Spider Form              Tmut/Pois      55%        N/A       1%          3
 Summon Guardian Golem    Hex/Summ       81%        N/A       1%          3
 Teleport Other           Tloc           57%        N/A       1%          3
 Tukima's Dance           Hex            51%        N/A       1%          3
 Vhi's Electric Charge    Tloc/Air       100%       N/A       1%          3
 Airstrike                Air            29%        2d(5-21)  1%          4
 Anguish                  Hex/Necr       44%        N/A       1%          4
 Animate Armour           Summ/Erth      100%       N/A       1%          4
 Leda's Liquefaction      Hex/Erth       35%        N/A       1%          4
 Olgreb's Toxic Radiance  Pois           59%        N/A       1%          4
 Petrify                  Tmut/Erth      71%        N/A       1%          4
 Summon Lightning Spire   Summ/Air       84%        N/A       1%          4
 Arcjolt                  Conj/Air       56%        1d66      1%          5
 Borgnjor's Vile Clutch   Necr/Erth      50%        N/A       1%          5
 Irradiate                Conj/Tmut      55%        3d30      1%          5
 Lee's Rapid Deconstruct  Erth           43%        3d21*     1%          5
 Lightning Bolt           Conj/Air       56%        1d78      1%          5
 Conjure Ball Lightning   Conj/Air       56%        3x3d20    1%          6
 Death Channel            Necr           57%        N/A       1%          6
 Simulacrum               Ice/Necr       45%        N/A       1%          6
 Spellforged Servitor     Conj/Summ      66%        N/A       1%          7
 Manifold Assault         Tloc           57%        N/A       4%          4
 Ice Form                 Ice/Tmut       54%        N/A       5%          4
 Yara's Violent Unravell  Hex/Tmut       25%        3d11      5%          5
 Cause Fear               Hex            25%        N/A       7%          4
 Metabolic Englaciation   Hex/Ice        27%        N/A       16%         5
 Blade Hands              Tmut           25%        N/A       19%         5
 Eringya's Noxious Bog    Tmut/Pois      27%        N/A       21%         6
 Statue Form              Tmut/Erth      47%        N/A       21%         6
 Dispersal                Tloc           28%        N/A       56%         6
 Dragon Form              Tmut           25%        N/A       99%         7
 Enfeeble                 Hex            25%        N/A       99%         7
 Disjunction              Tloc           28%        N/A       100%        8
 Fire Storm               Conj/Fire      80%        8d20      17%         9
 Dragon's Call            Summ           51%        N/A       95%         9
 Chain Lightning          Conj/Air       56%        3d75      96%         9
 Shatter                  Erth           43%        3d33*     99%         9


Dungeon Overview and Level Annotations

Branches:
Dungeon (15/15)            Temple (1/1) D:6            Lair (5/5) D:9
 Shoals (4/4) Lair:3        Snake (4/4) Lair:3        Slime (0/5) Lair:4
    Orc (2/2) D:11            Elf (3/3) Orc:2        Vaults (0/5) D:13
 Depths (3/4) D:15          Sewer (visited)          Bailey (visited)
  IceCv (visited)         Gauntlet (visited)

Altars:
Ashenzari
Cheibriados
Dithmenos
Elyvilon
Fedhas
Gozag
Hepliaklqana
Kikubaaqudgha
Makhleb
Nemelex Xobeh
Okawaru
Qazlal
Ru
Sif Muna
Uskayaw
Vehumet
Wu Jian
Xom
Jiyva

Shops:
D:3 ((   D:6 :   D:15 (   Orc:2 :[*(   Shoals:4 *   Snake:1 :=:   Snake:3 (
Depths:1 *

Portals:
Hell: Depths:1 Depths:2
Abyss: Depths:1*
Pandemonium: Depths:1 Depths:2
Ziggurat: Depths:1

Annotations:
Depths:3 Parghit


Message History

Aiming: Iron Shot (mildly dangerous; 1% risk of failure)
Press: ? - help, Shift-Dir - straight line, f - deep troll shaman
Aim: a deep troll shaman (81% to hit)
You feel a surge of power!
The iron shot hits the deep troll shaman!!!
You kill the deep troll shaman!
Vehumet accepts your kill.
You feel your power returning.
Casting: Iron Shot (mildly dangerous; 1% risk of failure)
Confirm with . or Enter, or press ? or * to list all spells.
You can't see any susceptible monsters within range! (Use Z to cast anyway.) Unknown command.
You start resting.
Magic restored.
You start resting.
HP restored.
You climb downwards.
The tengu warrior misses you.
You block the tengu warrior's attack. x2; You block the iron troll's attack.
The iron troll claws you.
The iron troll claws you but does no damage.
The deep troll bites you but does no damage.
The deep troll claws you but does no damage. x2
A golden dragon comes into view.
Parghit the Mighty comes into view.
The iron troll bites you!!
The iron troll claws you but does no damage. x2
The tengu warrior hits you with a +0 great sword!
The tengu warrior pecks you but does no damage.
The tengu warrior claws you but does no damage.
The iron troll bites you!!
The iron troll claws you but does no damage.
The iron troll claws you!
* * * LOW HITPOINT WARNING * * *
There is a stone staircase leading up, spattered with blood here.
Unknown command.
Parghit shouts!
You hear two shouts!
You block the deep troll's attack. The deep troll closely misses you.
The deep troll claws you.
* * * LOW HITPOINT WARNING * * *
The ettin hits you with a +0 dire flail!!
You die...

.........!.....
...............
..............D
...............
≈≈≈............
...............
......T.T....T.
....Q..@T..#
......QCT[..#
>..............
...............
............##.
.............#
..............#
..............#


You could see Parghit, a golden dragon, 3 iron trolls, an ettin, a tengu
warrior, a deep troll and a tengu conjurer.

Vanquished Creatures
  Bai Suzhen (Shoals:3)
  Nikola (Shoals:4)
  5 liches
  3 deep elf blademasters
  Asterion (Depths:1)
  A walking earthen tome (Depths:2)
  2 deep elf master archers (Elf:3)
  Gastronok (D:8)
  Polyphemus (Shoals:3)
  Agnes (D:15)
  Roxanne (Elf:3)
  A sphinx (Depths:1)
  7 nagarajas (Snake:4)
  4 fire giants
  A revenant (Abyss:2)
  Ilsuiw (Shoals:3)
  Aizul (Shoals:3)
  6 deep elf sorcerers
  Louise (D:14)
  4 deep elf elementalists
  6 frost giants
  An orc warlord (Orc:2)
  2 very ugly things (Depths:1)
  6 stone giants
  2 vampire knights (Depths:1)
  The ghost of TANE the Destroyer, a journeyman DsFE of Vehumet (Lair:4)
  3 deep elf demonologists (Elf:3)
  2 deep elf annihilators (Elf:3)
  A minotaur (Gauntlet)
  A dire elephant (Lair:5)
  7 spark wasps (Depths:2)
  3 ettins
  4 fire dragons
  A deep elf death mage (Elf:3)
  Josephine (Lair:3)
  The ghost of Legacy the Fighter, a journeyman GrEE of Makhleb (D:11)
  9 merfolk impalers
  3 jiangshi (Abyss:2)
  A spriggan zombie (Depths:2)
  6 merfolk javelineers
  2 deep elf high priests (Elf:3)
  7 rakshasas
  2 ice dragons
  Harold (D:10)
  2 hydras
  5 centaur warriors
  2 catoblepae
  The ghost of Zedil the Slicer, a journeyman VSBr of Ru (D:13)
  5 merfolk avatars
  3 merfolk aquamancers (Shoals:4)
  2 vault guards (D:13)
  Erica (D:10)
  13 anacondas
  7 boulder beetles
  3 alligator snapping turtles
  A death knight (D:14)
  7 death yaks
  32 dancing weapons
  3 deep troll shamans
  2 satyrs
  The ghost of timneilson the Blocker, a journeyman GrFi of Okawaru (D:10)
  5 two-headed ogres
  A vampire mage (Depths:1)
  11 naga sharpshooters
  2 orc high priests
  9 naga warriors
  Urug (Lair:3)
  6 tengu warriors
  4 deep troll earth magi
  11 shock serpents
  3 thrashing horrors (Abyss:2)
  19 deep elf knights
  2 spriggan berserkers (Depths:2)
  A soul eater (Depths:1)
  A hell knight (Depths:2)
  A sun demon (Depths:2)
  Amaemon (Lair:3)
  A salamander mystic (Snake:4)
  A skeletal warrior (D:11)
  5 iron trolls
  A golden dragon zombie (Depths:2)
  15 sea snakes
  6 naga ritualists
  10 deep elf archers
  4 deep trolls
  A glowing orange brain (D:15)
  4 wizards
  4 phantasmal warriors (Depths:1)
  9 harpies
  A lindwurm (shapeshifter) (Elf:2)
  2 lindwurms (Lair:4)
  6 mana vipers
  6 orc knights
  32 deep elf pyromancers
  A harpy (shapeshifter) (Elf:2)
  29 deep elf zephyrmancers
  5 necromancers
  4 orc sorcerers
  A shadow dragon zombie (Depths:2)
  38 ugly things
  8 cyclopes
  17 manticores
  4 salamanders
  An oklob plant (Lair:3)
  9 fauns
  43 black mambas
  11 elephants
  5 water nymphs
  9 merfolk sirens
  2 ice statues (IceCv)
  A guardian serpent (shapeshifter) (D:15)
  A gargoyle (D:8)
  5 guardian serpents
  Joseph (D:10)
  5 rust devils (Depths:2)
  A smoke demon (Abyss:2)
  24 naga magi
  Maggie (D:10)
  2 orange demons
  5 kobold demonologists
  7 cane toads
  A black mamba (shapeshifter) (D:15)
  A yaktaur (D:13)
  2 rime drakes
  A hellion (Depths:2)
  7 komodo dragons
  An ancient zyme (Abyss:2)
  An ice devil (Depths:2)
  2 efreet
  6 tengu conjurers
  24 merfolk
  10 polar bears (Lair:5)
  3 meliai (D:15)
  6 trolls
  8 blink frogs
  4 hornets
  8 wind drakes
  A wolf spider simulacrum (D:11)
  10 snapping turtles
  7 raiju
  6 dream sheep
  Sigmund (D:4)
  2 spriggans (Depths:2)
  3 air elementals
  24 water elementals
  A large abomination (Abyss:2)
  68 yaks
  3 vampires (D:11)
  7 slime creatures
  5 wyverns
  A neqoxec (Abyss:2)
  9 wraiths
  2 ynoxinuls
  3 fire elementals
  16 humans (D:13)
  4 steam dragons
  A death yak simulacrum (IceCv)
  11 wargs
  2 vampire mosquitoes (D:12)
  A chaos spawn (Depths:2)
  2 spriggan simulacra (Depths:2)
  41 nagas
  12 water moccasins
  2 floating eyes (Depths:2)
  15 hell hounds
  An ice beast (D:7)
  38 orc warriors
  A sky beast (D:8)
  A black bear (shapeshifter) (D:13)
  12 black bears
  A boggart (Elf:1)
  An ice beast (shapeshifter) (Elf:3)
  5 ogres
  24 wolves
  11 centaurs
  A phantom (D:6)
  2 kobold brigands (Depths:1)
  5 bullfrogs
  2 earth elementals
  2 gnoll sergeants
  10 killer bees
  2 elephant simulacra (IceCv)
  14 electric eels
  4 howler monkeys
  Crazy Yiuf (D:4)
  5 hounds
  2 jellies
  20 orc priests
  An iron imp (Abyss:2)
  3 iguanas
  29 orc wizards
  A wolf simulacrum (IceCv)
  7 small abominations
  19 gnolls
  20 adders
  13 white imps
  3 ufetubi
  A worm (D:3)
  2 dart slugs
  52 orcs
  8 endoplasms
  16 giant cockroaches
  18 hobgoblins
  3 jackals (D:3)
  11 kobolds
  5 quokkas
  15 ball pythons
  8 bats
  6 frilled lizards
  10 goblins
  13 rats
1407 creatures vanquished.

Vanquished Creatures (collateral kills)
  A fire dragon (Depths:2)
  A spriggan air mage (Depths:2)
  A tengu warrior (Depths:2)
  2 salamander mystics
  10 salamanders
  A cyclops (Shoals:4)
  A naga (Snake:4)
  2 orc warriors
  A phantom (D:7)
  A gnoll sergeant (D:6)
  A scorpion (D:4)
  A killer bee (D:9)
  A jelly (D:7)
  A hound (D:6)
  An orc wizard (D:7)
  A gnoll (D:5)
  An adder (D:6)
  3 orcs
31 creatures vanquished.

Vanquished Creatures (others)
  A human (D:13)
  2 white imps (D:13)
  9 bushes (Depths:1)
  A butterfly (Depths:1)
  13 fungi
  A lurking horror (Abyss:2)
  112 plants
  8 toadstools (Lair:4)
  14 withered plants (Gauntlet)
161 creatures vanquished.

Grand Total: 1599 creatures vanquished

Notes
Turn   | Place    | Note
-------+----------+-------------------------------------------
     0 | D:1      | pokeman the Deep Elf Hedge Wizard began the quest for the
                  | Orb.
     0 | D:1      | Reached XP level 1. HP: 10/10 MP: 7/7
   215 | D:1      | Reached XP level 2. HP: 15/15 MP: 4/9
   647 | D:1      | Reached skill level 5 in Spellcasting
  1190 | D:2      | Reached XP level 3. HP: 15/20 MP: 7/11
  1194 | D:2      | Learned a level 3 spell: Mephitic Cloud
  1197 | D:2      | Learned a level 2 spell: Call Imp
  1200 | D:2      | Learned a level 2 spell: Blink
  1286 | D:2      | Reached skill level 1 in Fighting
  1447 | D:2      | Reached skill level 1 in Armour
  1686 | D:2      | Reached XP level 4. HP: 25/25 MP: 7/13
  2058 | D:2      | Found a faded altar of an unknown god.
  3067 | D:3      | Found Dypnokaj's Weapon Shop.
  3129 | D:3      | Reached skill level 6 in Spellcasting
  3129 | D:3      | Reached XP level 5. HP: 29/29 MP: 9/15
  3506 | D:3      | Found Baotaehu's Weapon Emporium.
  4060 | D:4      | Reached skill level 1 in Evocations
  4172 | D:4      | Noticed a black bear
  4189 | D:4      | Killed a black bear
  4190 | D:4      | Reached skill level 1 in Air Magic
  4190 | D:4      | Reached skill level 1 in Poison Magic
  4190 | D:4      | Reached XP level 6. HP: 34/34 MP: 5/17
  4191 | D:4      | Reached skill level 7 in Spellcasting
  4377 | D:4      | Noticed Sigmund
  4416 | D:4      | Killed Sigmund
  4417 | D:4      | Reached XP level 7. HP: 38/38 MP: 17/20
  4489 | D:4      | Found a runed translucent door.
  4490 | D:4      | Noticed Crazy Yiuf
  4503 | D:4      | Killed Crazy Yiuf
  4549 | D:5      | Entered Level 5 of the Dungeon
  4638 | D:5      | Reached skill level 8 in Spellcasting
  4719 | D:5      | Identified the +5 scale mail "Fahol" {Regen+ Slay+2}
  4753 | D:5      | Found a glowing drain.
  4766 | Sewer    | Entered a sewer
  5739 | D:5      | Reached XP level 8. HP: 41/44 MP: 3/22
  6028 | D:5      | Reached skill level 9 in Spellcasting
  6410 | D:6      | Learned a level 6 spell: Iron Shot
  6568 | D:6      | Reached skill level 1 in Earth Magic
  6610 | D:6      | Reached skill level 5 in Conjurations
  6684 | D:6      | Reached skill level 10 in Spellcasting
  6854 | D:6      | Found Riull's Tremendous Tomes.
  6880 | D:6      | Found a staircase to the Ecumenical Temple.
  6903 | D:6      | Identified the +10 quarterstaff "Siby" {speed, rElec}
  6938 | Temple   | Entered the Ecumenical Temple
  7073 | Temple   | Became a worshipper of Vehumet
  7327 | D:6      | Reached XP level 9. HP: 48/48 MP: 15/25
  8132 | D:7      | Reached skill level 11 in Spellcasting
  9523 | D:8      | Noticed a gargoyle
  9746 | D:8      | Noticed Gastronok
  9749 | D:8      | Reached skill level 12 in Spellcasting
  9913 | D:8      | Killed a gargoyle
 10060 | D:8      | Reached XP level 10. HP: 54/54 MP: 22/28
 10105 | D:8      | Found an ornate altar of the Wu Jian Council.
 10260 | D:8      | Reached skill level 5 in Earth Magic
 10413 | D:8      | Reached * piety under Vehumet
 10413 | D:8      | Offered knowledge of Kiss of Death by Vehumet.
 10595 | D:8      | Killed Gastronok
 10596 | D:8      | Reached skill level 13 in Spellcasting
 11025 | D:9      | Reached skill level 14 in Spellcasting
 11289 | D:9      | Found a staircase to the Lair.
 11354 | D:9      | Reached skill level 1 in Shields
 11354 | D:9      | Reached XP level 11. HP: 61/61 MP: 31/31
 11632 | D:9      | Reached ** piety under Vehumet
 11800 | D:10     | Entered Level 10 of the Dungeon
 11800 | D:10     | Noticed Harold
 11811 | D:10     | Killed Harold
 11811 | D:10     | Offered knowledge of Searing Ray by Vehumet.
 11815 | D:10     | Reached skill level 15 in Spellcasting
 11880 | D:10     | Identified the +2 great mace "Eluhidew" {protect, rElec rF-
                  | Int+3 SInv}
 11880 | D:10     | Identified the +0 great mace "Jeuqeece" {heavy, rElec Str+3
                  | Int+2}
 11880 | D:10     | Noticed a two-headed ogre
 11886 | D:10     | Noticed a two-headed ogre
 11886 | D:10     | Noticed a two-headed ogre
 11887 | D:10     | Noticed timneilson's ghost (journeyman GrFi)
 11916 | D:10     | Found a flagged portal.
 11925 | Bailey   | Entered a bailey
 12043 | Bailey   | Noticed an orc knight
 12069 | Bailey   | Killed an orc knight
 12237 | Bailey   | Offered knowledge of Momentum Strike by Vehumet.
 12468 | Bailey   | Reached *** piety under Vehumet
 12508 | Bailey   | Found an iron altar of Okawaru.
 12796 | Bailey   | Acquired 987 gold pieces
 12862 | D:10     | Noticed Maggie
 12873 | D:10     | Killed Maggie
 13006 | D:10     | Found a transporter.
 13007 | D:10     | Noticed a two-headed ogre
 13012 | D:10     | Found a transporter.
 13146 | D:10     | Noticed Erica
 13166 | D:10     | Killed Erica
 13167 | D:10     | Reached skill level 16 in Spellcasting
 13329 | D:10     | Noticed Joseph
 13335 | D:10     | Killed Joseph
 13914 | D:11     | Noticed a boulder beetle
 13925 | D:11     | Killed a boulder beetle
 13926 | D:11     | Reached XP level 12. HP: 66/66 MP: 22/34
 14027 | D:11     | Found a runed translucent door.
 14027 | D:11     | Found a runed translucent door.
 14035 | D:11     | Noticed a frost giant
 14035 | D:11     | Noticed a lich
 14036 | D:11     | Noticed Legacy's ghost (journeyman GrEE)
 14140 | D:11     | Identified the +9 whip "Grim Tooth" {elec, rPois Will-
                  | Dex+2}
 14150 | D:11     | Found a staircase to the Orcish Mines.
 14456 | D:11     | Noticed a boulder beetle
 14477 | D:11     | Offered knowledge of Kindle Blastsparks by Vehumet.
 14479 | D:11     | Killed a boulder beetle
 14773 | D:12     | Reached skill level 5 in Summonings
 14829 | D:12     | Reached skill level 10 in Conjurations
 14928 | D:12     | Noticed a boulder beetle
 15003 | D:12     | Killed a boulder beetle
 15006 | D:12     | Reached skill level 17 in Spellcasting
 15629 | D:12     | Reached **** piety under Vehumet
 15630 | D:12     | Reached skill level 5 in Necromancy
 15920 | D:13     | Noticed a centaur warrior
 15920 | D:13     | Noticed a centaur warrior
 16028 | D:13     | Noticed a tengu warrior
 16036 | D:13     | Killed a tengu warrior
 16051 | D:13     | Noticed a boulder beetle
 16053 | D:13     | Reached skill level 5 in Shields
 16061 | D:13     | Offered knowledge of Fireball by Vehumet.
 16061 | D:13     | Killed a centaur warrior
 16070 | D:13     | Killed a boulder beetle
 16076 | D:13     | Found a frozen archway.
 16089 | IceCv    | Entered an ice cave
 16100 | IceCv    | Reached XP level 13. HP: 70/70 MP: 11/36
 16202 | IceCv    | Found a transporter.
 16215 | IceCv    | Found a transporter.
 16255 | IceCv    | Reached skill level 18 in Spellcasting
 17048 | D:13     | Reached ***** piety under Vehumet
 17256 | D:13     | Learned a level 5 spell: Fireball
 17262 | D:13     | Learned a level 5 spell: Iskenderun's Battlesphere
 17270 | D:13     | Learned a level 7 spell: Orb of Destruction
 17345 | D:13     | Found a gate to the Vaults.
 17409 | D:13     | Found a runed translucent gate.
 17409 | D:13     | Found a runed translucent gate.
 17410 | D:13     | Found a runed translucent gate.
 17410 | D:13     | Found an ancient bone altar of Kikubaaqudgha.
 17411 | D:13     | Noticed a lich
 17411 | D:13     | Noticed Zedil's ghost (journeyman VSBr)
 17411 | D:13     | Noticed a lich
 17412 | D:13     | Noticed a lich
 17491 | D:13     | Noticed a lich
 17562 | D:14     | Offered knowledge of Iskenderun's Mystic Blast by Vehumet.
 17565 | D:14     | Reached skill level 1 in Fire Magic
 17781 | D:14     | Reached skill level 19 in Spellcasting
 17923 | D:14     | Noticed Louise
 17929 | Abyss:2  | Cast into level 2 of the Abyss (Louise)
 17972 | Abyss:2  | Found a corrupted altar of Lugonu.
 18067 | Abyss:2  | Found a corrupted altar of Lugonu.
 18096 | Abyss:2  | Noticed a jiangshi
 18101 | Abyss:2  | Killed a jiangshi
 18127 | Abyss:2  | Noticed a jiangshi
 18130 | Abyss:2  | Killed a jiangshi
 18131 | Abyss:2  | Noticed a jiangshi
 18135 | Abyss:2  | Killed a jiangshi
 18515 | Abyss:2  | Noticed a green death
 18519 | Abyss:2  | Noticed a lich
 18601 | Abyss:2  | Noticed a revenant
 18603 | Abyss:2  | Killed a revenant
 18671 | Abyss:2  | Found a corrupted altar of Lugonu.
 18787 | Abyss:2  | Reached XP level 14. HP: 28/76 MP: 26/39
 18797 | D:14     | Escaped the Abyss
 19000 | D:14     | Found a broken altar of Ashenzari.
 19363 | D:14     | Reached skill level 5 in Fighting
 19898 | D:14     | Killed Louise
 20015 | D:15     | Entered Level 15 of the Dungeon
 20024 | D:14     | Reached skill level 20 in Spellcasting
 20351 | D:15     | Reached skill level 5 in Fire Magic
 20486 | D:15     | Noticed a shadow dragon
 20486 | D:15     | a shadow dragon changed into an iron giant
 20486 | D:15     | Noticed an iron giant (glowing shapeshifter)
 20801 | Lair:1   | Entered Level 1 of the Lair of Beasts
 21296 | Lair:1   | Reached skill level 5 in Armour
 22340 | Lair:3   | Noticed Amaemon
 22343 | Lair:3   | Killed Amaemon
 22345 | Lair:3   | Noticed Urug
 22347 | Lair:3   | Killed Urug
 22407 | Lair:3   | Found a gate leading to a gauntlet.
 22419 | Gauntlet | Entered a Gauntlet
 22419 | Gauntlet | Found a transporter.
 22419 | Gauntlet | Found a transporter.
 22441 | Gauntlet | Found a transporter.
 22457 | Gauntlet | Found a transporter.
 22473 | Gauntlet | Found a transporter.
 22486 | Gauntlet | Found a transporter.
 22592 | Gauntlet | Found a transporter.
 22602 | Gauntlet | Found a transporter.
 22625 | Gauntlet | Found a transporter.
 22632 | Gauntlet | Found a transporter.
 22651 | Gauntlet | Found a transporter.
 22724 | Gauntlet | Found a transporter.
 22736 | Gauntlet | Found a transporter.
 22744 | Gauntlet | Found a transporter.
 22757 | Gauntlet | Found a transporter.
 22770 | Gauntlet | Found a transporter.
 22791 | Gauntlet | Reached skill level 21 in Spellcasting
 23080 | Gauntlet | Identified the +0 pair of boots of the Writhing Gods {Harm
                  | rElec Slay+2 Stlth+}
 23141 | Gauntlet | Found the +3 robe of Clouds {*Thunder rCloud rElec}
 23141 | Gauntlet | Identified the +8 trident of Kyiqias {heavy, rElec rN+++
                  | Str-5 Dex+3}
 23141 | Gauntlet | Identified the +15 plate armour of Baacuh {Harm rF- rN+++
                  | Int+2}
 23201 | Gauntlet | Identified the +7 chain mail "Qina Wit" {Dex+4}
 23290 | Lair:3   | Found a staircase to the Snake Pit.
 23587 | Lair:3   | Noticed Josephine
 23589 | Lair:3   | Killed Josephine
 23590 | Lair:3   | Reached XP level 15. HP: 82/82 MP: 42/42
 24238 | Lair:3   | Found a staircase to the Shoals.
 24698 | Lair:4   | Found a large runed translucent door.
 24750 | Lair:4   | Found a viscous altar of Jiyva.
 24750 | Lair:4   | Found a staircase to the Slime Pits.
 24850 | Lair:4   | Found a large runed translucent door.
 24850 | Lair:4   | Noticed TANE's ghost (journeyman DsFE)
 25140 | Lair:4   | Found a runed translucent door.
 25541 | Lair:4   | Killed TANE's ghost
 25612 | Lair:5   | Entered Level 5 of the Lair of Beasts
 26120 | Lair:5   | Reached skill level 22 in Spellcasting
 26409 | Lair:5   | Offered knowledge of Starburst by Vehumet.
 26417 | Lair:5   | Learned a level 6 spell: Starburst
 27704 | D:10     | Killed timneilson's ghost
 27910 | D:11     | Killed Legacy's ghost
 28034 | D:11     | Killed a frost giant
 28116 | D:11     | Killed a lich
 28139 | D:11     | Got Xotiwoog's Cyclopedia of Supportive Evolution
 28151 | D:11     | Identified the +0 troll leather armour "Sieffy" {rC+++
                  | Regen+ rCorr Dex-5 Stlth-}
 28220 | D:13     | Killed Zedil's ghost
 28222 | D:13     | Killed a lich
 28222 | D:13     | Killed a lich
 28223 | D:13     | Killed a lich
 28228 | D:13     | Killed a lich
 28229 | D:13     | Reached skill level 23 in Spellcasting
 28265 | D:13     | Identified the ring "Yriuts" {MP+9 Str+6 Int+2 SInv}
 28269 | D:13     | Identified the +0 hat of Fashionability {-Tele Int+7}
 28285 | D:13     | Learned a level 7 spell: Haunt
 28583 | Orc:1    | Entered Level 1 of the Orcish Mines
 28850 | Orc:2    | Entered Level 2 of the Orcish Mines
 28855 | Orc:2    | Reached XP level 16. HP: 90/90 MP: 45/45
 28886 | Orc:2    | Found a staircase to the Elven Halls.
 29255 | Orc:2    | Offered knowledge of Eringya's Noxious Bog by Vehumet.
 29317 | Orc:2    | Reached ****** piety under Vehumet
 29542 | Orc:2    | Found Xeorugh's General Store.
 29599 | Orc:2    | Found Naisu's Antique Weapon Shoppe.
 29633 | Orc:2    | Bought a potion of might for 40 gold pieces
 29633 | Orc:2    | Bought a scroll of brand weapon for 95 gold pieces
 30057 | Orc:2    | Found Reixzun's Antique Armour Shoppe.
 30196 | Orc:2    | Found Mok Sokh's Book Shoppe.
 30433 | Elf:1    | Entered Level 1 of the Elven Halls
 30658 | Elf:1    | Offered knowledge of Ozocubu's Refrigeration by Vehumet.
 31494 | Elf:1    | Acquired the amulet "Tofif" {Reflect rF+ rCorr Int+3 SH+5}
 31739 | Elf:2    | Reached skill level 24 in Spellcasting
 31739 | Elf:2    | Reached skill level 10 in Necromancy
 31739 | Elf:2    | Reached skill level 10 in Fire Magic
 32028 | Elf:2    | Offered knowledge of Freezing Cloud by Vehumet.
 32037 | Elf:2    | Learned a level 5 spell: Freezing Cloud
 32058 | Elf:2    | Found a runed translucent gate.
 32058 | Elf:2    | Found a runed translucent gate.
 32059 | Elf:2    | Found a runed translucent gate.
 32236 | Elf:2    | Reached XP level 17. HP: 91/96 MP: 47/47
 32508 | Elf:2    | Reached skill level 15 in Conjurations
 32510 | Elf:2    | Noticed a deep elf blademaster
 32514 | Elf:2    | Killed a deep elf blademaster
 33372 | Shoals:1 | Entered Level 1 of the Shoals
 34064 | Shoals:2 | Reached skill level 1 in Ice Magic
 34117 | Shoals:2 | You fall into a shaft and drop 1 floor!
 34406 | Shoals:2 | Offered knowledge of Arcjolt by Vehumet.
 34933 | Shoals:3 | Upgraded the game from 0.30-a0-726-gd89dcf765f to
                  | 0.30-a0-728-gc68057be0a
 34935 | Shoals:3 | Noticed Bai Suzhen
 34945 | Shoals:3 | Killed Bai Suzhen
 34946 | Shoals:3 | Reached skill level 25 in Spellcasting
 34946 | Shoals:3 | Reached skill level 10 in Summonings
 35196 | Shoals:3 | Noticed Polyphemus
 35199 | Shoals:3 | Killed Polyphemus
 35267 | Shoals:3 | Noticed Aizul
 35269 | Shoals:3 | Killed Aizul
 35446 | Shoals:3 | Noticed Ilsuiw
 35449 | Shoals:3 | Killed Ilsuiw
 35838 | Shoals:3 | Reached XP level 18. HP: 103/103 MP: 49/49
 36024 | Shoals:4 | Entered Level 4 of the Shoals
 36030 | Shoals:4 | Noticed Nikola
 36040 | Shoals:4 | Killed Nikola
 36219 | Shoals:4 | Found Buoschint's CLEARANCE SALE!.
 36314 | Shoals:4 | Bought the +3 warlock's mirror {omnireflect} for 120 gold
                  | pieces
 36314 | Shoals:4 | Found the +3 warlock's mirror {omnireflect}
 36396 | Shoals:4 | Offered knowledge of Lehudib's Crystal Spear by Vehumet.
 36491 | Shoals:4 | Got a barnacled rune of Zot
 37667 | Temple   | Learned a level 8 spell: Lehudib's Crystal Spear
 37846 | Snake:1  | Entered Level 1 of the Snake Pit
 38504 | Snake:1  | Found Iteuklow's Book Shoppe.
 38505 | Snake:1  | Found Feiq's Jewellery Boutique.
 38506 | Snake:1  | Found Plog's Book Shoppe.
 38682 | Snake:1  | Reached skill level 26 in Spellcasting
 40486 | Snake:3  | Offered knowledge of Polar Vortex by Vehumet.
 40486 | Snake:3  | Offered knowledge of Ignition by Vehumet.
 40486 | Snake:3  | Offered knowledge of Maxwell's Capacitive Coupling by
                  | Vehumet.
 40497 | Snake:3  | Learned a level 8 spell: Ignition
 40654 | Snake:3  | Reached skill level 15 in Necromancy
 40743 | Snake:3  | Identified the +3 halberd of Veorph {chaos, rF+ Will+++
                  | Int+6 Dex-4}
 40992 | Snake:3  | Reached XP level 19. HP: 107/107 MP: 51/51
 41062 | Snake:3  | Found Likutumael's Antique Weapon Shoppe.
 41392 | Snake:4  | Entered Level 4 of the Snake Pit
 42298 | Snake:4  | Got a serpentine rune of Zot
 43230 | Elf:3    | Entered Level 3 of the Elven Halls
 43499 | Elf:3    | Reached skill level 27 in Spellcasting
 43570 | Elf:3    | Noticed Roxanne
 43822 | Elf:3    | Identified the +1 flail of Qyzin {flame, rPois Will- Str+4
                  | Dex+5}
 44087 | Elf:3    | Killed Roxanne
 44359 | Elf:3    | Identified the +0 scale mail of Fashionability {rElec}
 44923 | Elf:3    | Got the Tome of Shifting Confrontation
 45062 | Elf:3    | Identified the +10 plate armour of the Nice God {Rampage
                  | rN+ rCorr}
 45077 | Elf:3    | Identified the +2 war axe "Biotoih" {spect, Int+3}
 45079 | Elf:3    | Identified the +0 leather armour "Zemir" {*Slow rPois
                  | rCorr}
 45092 | Elf:3    | Identified the +5 ring mail of the Dropbear {rPois}
 45097 | Elf:3    | Identified the +7 rapier "Zothiesiehi" {antimagic, rN++
                  | Str+5 Int-5 Dex+3}
 45101 | Elf:3    | Identified the +0 shortbow of Deflation {speed, rElec rF++
                  | rC- rCorr Stlth+}
 45110 | Elf:3    | Identified the +7 flail of the Equinox {freeze, Str+5 Int+3
                  | Dex+2}
 45462 | Temple   | Acquired a book of Annihilations
 45677 | D:15     | Found a hide-covered altar of Uskayaw.
 45817 | D:15     | Identified the +0 scale mail of Bespelled Fun {Int+3}
 45951 | D:15     | Noticed Agnes
 45956 | D:15     | Killed Agnes
 45957 | D:15     | Reached XP level 20. HP: 96/112 MP: 53/53
 46023 | D:15     | Found Zicyw's Weapon Boutique.
 46267 | D:15     | Found a staircase to the Depths.
 46562 | Depths:1 | Entered Level 1 of the Depths
 46580 | Depths:1 | Noticed Asterion
 46594 | Depths:1 | Killed Asterion
 47150 | Depths:1 | Identified the ring of Nihyis {Fire Str+3}
 47161 | Depths:1 | Found Jiarresi's Assorted Antiques.
 47166 | Depths:1 | Bought a scroll of magic mapping for 120 gold pieces
 47324 | Depths:1 | Identified the ring of Pobbom {rElec rPois Int+3}
 47374 | Depths:1 | Found a one-way gate to the infinite horrors of the Abyss.
 47549 | Depths:1 | Found a one-way gate leading to the halls of Pandemonium.
 47559 | Depths:1 | Found a one-way gateway to a ziggurat.
 47663 | Depths:1 | Found a gateway to Hell.
 47756 | Depths:1 | Found a white marble altar of Elyvilon.
 47769 | Depths:1 | You fall into a shaft and drop 1 floor!
 48477 | Depths:2 | Reached skill level 15 in Fire Magic
 50200 | Depths:3 | Noticed a golden dragon
 50200 | Depths:3 | Noticed Parghit
 50201 | Depths:3 | Mangled by an ettin

Illustrated notes

Levels and vault maps discovered:
D:1:      minmay_arrival_diagonal_passages, layout_loops_ring,
          minmay_split_cup_large
D:2:      minmay_skewed_foursquare, layout_loops_corners,
          hellmonk_ecumenical_altar_slurped_away, serial_bayou_lagoon_a,
          minmay_octomino_e4
D:3:      layout_basic, serial_shops, shop, nicolae_shop_advertising_works
          [nicolae_subvault_shop_adworks], dk_vineyard_1
D:4:      layout_cave_pools, uniq_sigmund, uniq_crazy_yiuf_cottage
D:5:      layout_rooms, portal_sewer_entry_b
D:6:      layout_basic, minmay_temple_entry_butterflies,
          nicolae_shop_i_like_big_books, minmay_stone_trees_small,
          corexii_corridor_pit, nicolae_half_adder
D:7:      layout_layer_cave, minmay_increasing_density
D:8:      layout_loops_ring, lemuel_coloured_pillars_altar, uniq_gastronok
D:9:      layout_roguey, lair_entry_dummy
D:10:     layout_roguey, enter_bailey_8, gammafunk_ghost_smash, st_stairs_6,
          uniq_erica, uniq_joseph, uniq_maggie, uniq_harold
D:11:     layout_big_octagon, minmay_orc_entry_guard_dogs,
          muffindrake_ghost_dual_entry
D:12:     layout_basic, amcnicky_mini_corridor_feature, grunt_decor_fettered
D:13:     layout_gridville, grunt_vaults_entry_tiered,
          portal_ice_cave_entry_imps, gammafunk_ghost_crypt, nrook_mini_vaults,
          minmay_misc_feat_five
D:14:     layout_gridville, ashenzari_conservatory_becter, uniq_louise
D:15:     gammafunk_enter_depths_forms, layout_basic, serial_shops,
          nicolae_inconvenience_store, nicolae_uskayaw_en_pointe, uniq_agnes
Temple:   mainiacjoe_temple_hex_bubbles
Lair:1:   layout_misc_corridors, grunt_megastairs_4
Lair:2:   layout_cave_shapes, grunt_megastairs_1
Lair:3:   layout_layer_cave, minmay_shoals_entry_hut,
          guppyfry_snake_entry_island, gauntlet_entry_generic,
          serial_bayou_shore_a, infiniplex_staircase_pool, uniq_josephine,
          uniq_urug, uniq_amaemon
Lair:4:   gammafunk_lair_enchanted_lake, layout_misc_corridors,
          dpeg_slime_entry_enclosed, ebering_ghost_disaster_area
Lair:5:   hangedman_lair_caniforms_friends, layout_cave_pods
Shoals:1: layout_shoals
Shoals:2: layout_shoals, nicolae_shoals_water_elemental_grotto
Shoals:3: layout_shoals, uniq_bai_suzhen, uniq_aizul, uniq_ilsuiw,
          uniq_polyphemus
Shoals:4: shoals_end_grunt_ice, layout_shoals, nicolae_shop_clearance,
          uniq_nikola
Snake:1:  layout_layer_cave, minmay_shop_grove, lemuel_fruit_tree
Snake:2:  layout_concentric_octagons, grunt_megastairs_2
Snake:3:  layout_rooms, nicolae_snake_snakewalk, grunt_megastairs_5,
          minmay_shop_star
Snake:4:  grunt_snake_rune_pools, layout_cave_town, nicolae_snake_single_loop,
          nicolae_snake_gridmaze_zigzag, abandoned_shop
Orc:1:    layout_caves
Orc:2:    grunt_orc_cross, layout_diamond_mine
Elf:1:    minmay_elf_arrival_summoners, layout_gridlike,
          hangedman_elf_disciples, serial_sigils_hangedman_gut, drop_trap
Elf:2:    elven_hall_of_blades_hangedman_original
          [nicolae_blade_entry_crossed_weapons], layout_geoelf_octagon,
          amcnicky_mini_pool_small, st_stairs_3
Elf:3:    elf_hall_gauntlet_wide, layout_geoelf_castle, uniq_roxanne
Depths:1: layout_cave_shapes, enter_ziggurat_d, serial_shops,
          kennysheep_little_box, hangedman_coc_ice_floe, rand_demon_pan_entry_5,
          serial_column_ruins, column_ruins_portal_astroid, column_ruins_hut,
          column_ruins_open_small, column_ruins_open_tiny,
          column_ruins_corridor_straight, column_ruins_open_tiny,
          column_ruins_grid_1, column_ruins_open_small,
          marbit_kobold_abyss_entry, nicolae_elyvilon_peaceful_grove,
          uniq_asterion
Depths:2: hangedman_cross_stitches, layout_cave_pools, grunt_pan_entry_sceptre,
          bh_walls_and_bars, grunt_hell_entry_dis_mu,
          infiniplex_staircase_split_hallway
Depths:3: kennysheep_ogre_elephant_herders, layout_cave_pools,
          minmay_misc_feat_tower, abyss_entry, hell_entry, grunt_ministairs_14,
          uniq_parghit

Skill      XL: |  1  2  3  4  5  6  7  8  9 10 11 12 13 14 15 16 17 18 19 20 |
---------------+-------------------------------------------------------------+-----
Spellcasting   | 5 6 7 8 10 12 14 16 17 19 21 23 24 25 26 27 | 27.0
Fighting       | 1 2 4 5 6 7 8 |  8.0
Conjurations   | 2 3 4 5 7 8 9 10 11 13 14 15 16 17 | 17.9
Armour         | 1 3 4 5 6 7 8 9 |  9.9
Dodging        | 3 |  3.0
Stealth        | 3 |  3.0
Evocations     | 1 |  1.0
Air Magic      | 1 |  1.2
Poison Magic   | 1 |  1.4
Summonings     | 2 3 4 6 7 8 10 11 12 13 | 13.5
Earth Magic    | 2 4 6 8 |  8.0
Necromancy     | 2 5 7 10 13 15 16 18 | 18.2
Shields        | 1 3 5 6 |  6.0
Fire Magic     | 3 6 8 10 11 12 13 15 | 15.8
Ice Magic      | 1 |  1.1
Translocations | |  1.1

Action                     |  1- 3 |  4- 6 |  7- 9 | 10-12 | 13-15 | 16-18 | 19-21 || total
---------------------------+-------+-------+-------+-------+-------+-------+-------++-------
  Melee: Dagger            |     7 |       |       |       |       |       |       ||     7
         Staff             |       |     7 |       |       |     2 |     5 |       ||    14
         Short sword       |       |    35 |   105 |       |       |       |       ||   140
         Punch             |       |     1 |     1 |       |       |       |       ||     2
         Quarterstaff      |       |       |    47 |   214 |       |       |       ||   261
         Great mace        |       |       |       |    97 |    37 |       |       ||   134
   Cast: Magic Dart        |    85 |   110 |   271 |    64 |    33 |    46 |     1 ||   610
         Mephitic Cloud    |       |     5 |    31 |   100 |    29 |     2 |     3 ||   170
         Call Imp          |       |     1 |    19 |     6 |     1 |       |       ||    27
         Blink             |       |       |     2 |     2 |     5 |       |    40 ||    49
         Iron Shot         |       |       |       |    67 |   179 |    52 |    57 ||   355
         Fireball          |       |       |       |       |   225 |   444 |   268 ||   937
         Iskenderun's Batt |       |       |       |       |     7 |     8 |       ||    15
         Freezing Cloud    |       |       |       |       |       |     2 |     4 ||     6
         Haunt             |       |       |       |       |       |     8 |    18 ||    26
         Orb of Destructio |       |       |       |       |       |     1 |     1 ||     2
         Ignition          |       |       |       |       |       |       |     9 ||     9
  Evoke: Wand              |       |       |     4 |    17 |     2 |       |     1 ||    24
    Use: Scroll            |       |       |    10 |    10 |     8 |     3 |     3 ||    34
         Potion            |       |       |       |     1 |     3 |       |       ||     4
   Stab: Confused          |       |     4 |    14 |    33 |     5 |       |       ||    56
         Sleeping          |       |       |     1 |       |       |       |       ||     1
         Invisible         |       |       |     1 |       |       |       |       ||     1
         Paralysed         |       |       |       |     3 |       |       |       ||     3
         Distracted        |       |       |       |     1 |       |       |       ||     1
         Petrifying        |       |       |       |     1 |       |       |       ||     1
 Armour: Robe              |     5 |    11 |    22 |       |       |       |       ||    38
         Steam dragon scal |       |       |    12 |    22 |       |       |       ||    34
         Swamp dragon scal |       |       |       |    63 |    64 |    19 |     4 ||   150
         Ring mail         |       |       |       |       |       |       |    23 ||    23
  Dodge: Dodged            |    16 |    30 |   147 |   336 |   135 |    25 |    20 ||   709
         Repelled          |       |       |       |       |       |       |     3 ||     3
  Block: Buckler           |       |       |       |       |     8 |    23 |    24 ||    55
         Reflection        |       |       |       |       |       |    13 |    11 ||    24

Table legend: (Time is in decaauts)
 A = Elapsed time spent in this place.
 B = Non-inter-level travel time spent in this place.
 C = Inter-level travel time spent in this place.
 D = Time resting spent in this place.
 E = Time spent auto-exploring this place.
 F = Levels seen in this place.
 G = Mean time per level.
                   A        B        C        D        E       F      G
               +--------+--------+--------+--------+--------+-----+--------+
         Total |  53046 |  48785 |   4261 |   6414 |  33673 |  42 | 1263.0 |
       Dungeon |  21411 |  18886 |   2525 |   2418 |  13128 |  15 | 1427.4 |
        Temple |    414 |    327 |     87 |      0 |    131 |   1 |  414.0 |
          Lair |   6322 |   5835 |    487 |    526 |   4784 |   5 | 1264.4 |
        Shoals |   4690 |   4465 |    225 |    543 |   3420 |   4 | 1172.5 |
     Snake Pit |   5441 |   5262 |    179 |    250 |   4493 |   4 | 1360.2 |
  Orcish Mines |   2032 |   1861 |    171 |      9 |   1588 |   2 | 1016.0 |
   Elven Halls |   5184 |   4702 |    482 |   1041 |   2695 |   3 | 1728.0 |
        Depths |   3527 |   3425 |    102 |    868 |   2025 |   3 | 1175.7 |
         Abyss |    916 |    916 |      0 |    394 |      0 |   1 |  916.0 |
         Sewer |   1033 |   1033 |      0 |      0 |    752 |   1 | 1033.0 |
        Bailey |    948 |    948 |      0 |     64 |    356 |   1 |  948.0 |
      Ice Cave |    283 |    283 |      0 |     95 |     94 |   1 |  283.0 |
      Gauntlet |    839 |    839 |      0 |    205 |    203 |   1 |  839.0 |
               +--------+--------+--------+--------+--------+-----+--------+

Top non-repeatable levels by time:
     D:7: 2225 daAuts
   Elf:3: 2105 daAuts
Depths:1: 1992 daAuts
  Lair:5: 1847 daAuts
    D:13: 1781 daAuts
   Elf:2: 1751 daAuts
     D:2: 1749 daAuts
  Lair:3: 1614 daAuts
 Snake:4: 1591 daAuts
    D:12: 1583 daAuts
    D:15: 1581 daAuts
 Snake:1: 1581 daAuts
     D:9: 1561 daAuts
     D:6: 1558 daAuts
    D:10: 1510 daAuts
